[ AOE2 MATCH · #507374989 ]
UnrankedHindustanis vs Vietnamese
[ REPLAY ANALYSIS · EXTRACTED FROM THE RECORDED GAME ]
Feudal
13:23
Castle
24:35
Imperial
40:16
| APM avg | 52.3 |
| APM peak | 81 |
| eAPM avg | 25.8 |
| Villagers / military | 128 / 97 |
Focus
⚔️ 28.0% · 🌾 72.0%
Hand Cannoneer ×30 · Ghulam ×19 · Skirmisher ×14 · Archer ×11 · Armored Elephant ×7 · Militia ×5
Feudal
13:21
Castle
26:24
Imperial
41:35
| APM avg | 45.9 |
| APM peak | 130 |
| eAPM avg | 20.1 |
| Villagers / military | 103 / 70 |
Focus
⚔️ 33.0% · 🌾 67.0%
Archer ×28 · Fire Lancer ×16 · Rattan Archer ×11 · Monk ×4 · Scout Cavalry ×4 · Trebuchet (Packed) ×3
Match map
Initial resources + every placement click. Lines = walls · curves = elevation contours. ◆ gold · ⬟ stone · ● berries · ✦ relic · ◌ wall gap
Your base· Open — unwalled flank
Psi doc's base· Open — 4t gap
Smoothed initial terrain · ◌ = detected wall gap · hover for details
Inputs per minute
— CORP_hector_sin_elo - - Psi doc
Build order — CORP_hector_sin_elo
First 150 of 385 actions detected
| 0:02 | Create | Villager (Male) |
| 0:02 | Create | Villager (Male) |
| 0:02 | Create | Villager (Male) |
| 0:02 | Create | Villager (Male) |
| 0:04 | Build | House |
| 0:05 | Build | House |
| 1:08 | Create | Villager (Male) |
| 1:33 | Create | Villager (Male) |
| 2:03 | Create | Villager (Male) |
| 2:30 | Create | Villager (Male) |
| 3:06 | Create | Villager (Male) |
| 3:35 | Create | Villager (Male) |
| 3:39 | Build | Barracks |
| 3:56 | Build | House |
| 4:08 | Create | Villager (Male) |
| 4:18 | Create | Villager (Male) |
| 4:41 | Create | Militia |
| 4:48 | Build | House |
| 4:55 | Create | Villager (Male) |
| 5:31 | Create | Militia |
| 5:32 | Create | Villager (Male) |
| 6:03 | Create | Villager (Male) |
| 6:10 | Create | Militia |
| 6:18 | Build | Lumber Camp |
| 6:29 | Create | Villager (Male) |
| 6:36 | Build | Mill |
| 6:42 | Create | Villager (Male) |
| 7:06 | Build | House |
| 7:19 | Create | Villager (Male) |
| 7:30 | Create | Villager (Male) |
| 7:40 | Build | House |
| 7:43 | Create | Militia |
| 7:54 | Create | Militia |
| 7:59 | Build | House |
| 8:16 | Create | Villager (Male) |
| 8:30 | Create | Villager (Male) |
| 8:34 | Build | Farm |
| 8:46 | Create | Villager (Male) |
| 9:11 | Create | Villager (Male) |
| 9:21 | Build | House |
| 9:26 | Build | Farm |
| 9:30 | Build | Farm |
| 9:41 | Build | Palisade Wall |
| 9:42 | Build | Palisade Wall |
| 9:43 | Build | Palisade Wall |
| 9:44 | Build | Palisade Wall |
| 9:44 | Build | Palisade Wall |
| 9:59 | Create | Villager (Male) |
| 10:24 | Build | Mining Camp |
| 10:30 | Create | Villager (Male) |
| 11:05 | Build | House |
| 11:13 | Research | Feudal Age |
| 11:59 | Build | Farm |
| 12:10 | Build | House |
| 12:13 | Research | Loom |
| 12:41 | Build | House |
| 12:43 | Build | Palisade Wall |
| 12:45 | Build | Palisade Wall |
| 12:50 | Create | Villager (Male) |
| 13:23 | Age | Feudal Age |
| 13:23 | Research | Man-at-Arms (upgrade) |
| 13:38 | Build | Archery Range |
| 13:42 | Build | Blacksmith |
| 14:03 | Create | Villager (Male) |
| 14:09 | Build | Farm |
| 14:29 | Create | Skirmisher |
| 14:29 | Create | Skirmisher |
| 14:30 | Create | Villager (Male) |
| 14:40 | Build | Mining Camp |
| 14:54 | Research | Forging |
| 14:56 | Create | Villager (Male) |
| 14:57 | Research | Double-Bit Axe |
| 15:15 | Create | Skirmisher |
| 15:18 | Create | Villager (Male) |
| 15:21 | Build | Farm |
| 15:24 | Build | Farm |
| 15:32 | Build | Farm |
| 15:41 | Create | Archer |
| 15:55 | Research | Fletching |
| 15:56 | Create | Villager (Male) |
| 15:58 | Build | Farm |
| 16:01 | Build | House |
| 16:02 | Build | Palisade Wall |
| 16:19 | Create | Villager (Male) |
| 16:26 | Create | Villager (Male) |
| 16:32 | Create | Skirmisher |
| 16:35 | Build | Farm |
| 16:39 | Build | Farm |
| 16:55 | Create | Skirmisher |
| 17:03 | Create | Villager (Male) |
| 17:05 | Build | Farm |
| 17:07 | Build | Farm |
| 17:08 | Build | Farm |
| 17:23 | Create | Skirmisher |
| 17:41 | Create | Skirmisher |
| 17:41 | Create | Villager (Male) |
| 18:00 | Create | Skirmisher |
| 18:00 | Create | Villager (Male) |
| 18:07 | Create | Skirmisher |
| 18:08 | Create | Villager (Male) |
| 18:11 | Build | Farm |
| 18:12 | Build | Farm |
| 18:40 | Create | Villager (Male) |
| 19:02 | Create | Spearman |
| 19:12 | Create | Archer |
| 19:12 | Create | Villager (Male) |
| 19:18 | Build | Lumber Camp |
| 19:20 | Build | Farm |
| 19:20 | Build | Farm |
| 19:30 | Build | Farm |
| 19:33 | Build | Palisade Wall |
| 19:35 | Build | Palisade Wall |
| 19:40 | Build | House |
| 19:42 | Build | Palisade Wall |
| 19:50 | Create | Villager (Male) |
| 20:02 | Build | Farm |
| 20:13 | Research | Wheelbarrow |
| 20:18 | Build | Farm |
| 20:55 | Create | Spearman |
| 21:15 | Build | Archery Range |
| 21:55 | Research | Castle Age |
| 21:59 | Create | Archer |
| 22:00 | Create | Archer |
| 22:03 | Build | Stable |
| 22:17 | Build | Palisade Wall |
| 22:31 | Research | Gold Mining |
| 22:54 | Build | Palisade Wall |
| 22:55 | Build | Palisade Wall |
| 22:58 | Build | Palisade Wall |
| 23:00 | Build | Palisade Wall |
| 23:38 | Build | Farm |
| 23:59 | Research | Stone Mining |
| 24:08 | Create | Archer |
| 24:08 | Create | Archer |
| 24:12 | Research | Padded Archer Armor |
| 24:12 | Research | Scale Mail Armor |
| 24:15 | Create | Spearman |
| 24:15 | Create | Spearman |
| 24:28 | Create | Villager (Male) |
| 24:32 | Build | Palisade Wall |
| 24:34 | Build | Palisade Wall |
| 24:35 | Age | Castle Age |
| 24:37 | Research | Crossbowman (upgrade) |
| 24:39 | Research | Bodkin Arrow |
| 24:46 | Build | Castle |
| 25:07 | Create | Villager (Male) |
| 25:08 | Create | Archer |
| 25:08 | Create | Archer |
| 25:09 | Create | Villager (Male) |
| 25:12 | Build | Town Center |
Build order — Psi doc
First 150 of 281 actions detected
| 0:00 | Create | Villager (Male) ×4 |
| 0:01 | Create | Villager (Male) ×4 |
| 0:03 | Build | House |
| 0:04 | Build | House |
| 1:49 | Create | Villager (Male) |
| 2:17 | Create | Villager (Male) |
| 2:17 | Create | Villager (Male) |
| 2:41 | Create | Villager (Male) |
| 2:50 | Build | Lumber Camp |
| 2:55 | Create | Villager (Male) |
| 3:02 | Create | Villager (Male) |
| 3:03 | Create | Villager (Male) |
| 3:33 | Create | Villager (Male) |
| 3:33 | Create | Villager (Male) |
| 4:01 | Create | Villager (Male) |
| 4:24 | Build | House |
| 4:33 | Create | Villager (Male) |
| 5:05 | Create | Villager (Male) |
| 5:18 | Build | Mill |
| 5:26 | Build | Palisade Wall |
| 5:27 | Build | Palisade Wall |
| 5:27 | Build | Palisade Wall |
| 5:45 | Create | Villager (Male) |
| 5:45 | Create | Villager (Male) |
| 6:10 | Create | Villager (Male) |
| 6:16 | Create | Villager (Male) |
| 6:20 | Build | Palisade Wall |
| 6:33 | Create | Villager (Male) |
| 7:03 | Build | House |
| 7:27 | Create | Villager (Male) |
| 7:32 | Research | Loom |
| 7:44 | Build | Palisade Wall |
| 7:49 | Build | Palisade Wall |
| 7:51 | Build | Palisade Wall |
| 7:59 | Build | Palisade Wall |
| 8:07 | Create | Villager (Male) |
| 8:09 | Create | Villager (Male) |
| 8:10 | Create | Villager (Male) |
| 8:42 | Build | Palisade Gate |
| 9:00 | Create | Villager (Male) |
| 9:17 | Build | Palisade Wall |
| 9:37 | Build | Farm |
| 9:45 | Build | Mining Camp |
| 9:52 | Build | House |
| 9:55 | Build | Palisade Wall |
| 10:02 | Create | Villager (Male) |
| 10:03 | Build | Farm |
| 10:05 | Build | Farm |
| 10:08 | Build | Farm |
| 10:21 | Build | Palisade Wall |
| 10:31 | Create | Villager (Male) |
| 10:34 | Build | Farm |
| 10:55 | Build | Farm |
| 11:11 | Research | Feudal Age |
| 11:11 | Research | Feudal Age |
| 11:13 | Build | Palisade Wall |
| 11:16 | Build | Farm |
| 11:26 | Build | House |
| 11:42 | Create | Villager (Male) |
| 11:56 | Build | Palisade Wall |
| 12:36 | Build | Barracks |
| 12:52 | Build | Palisade Wall |
| 12:53 | Build | Palisade Wall |
| 12:54 | Build | Palisade Wall |
| 12:55 | Build | Palisade Wall |
| 13:18 | Build | Palisade Wall |
| 13:18 | Build | Palisade Wall |
| 13:19 | Build | Palisade Wall |
| 13:21 | Age | Feudal Age |
| 13:24 | Build | Palisade Wall |
| 13:27 | Build | Archery Range |
| 13:29 | Create | Villager (Male) |
| 13:37 | Research | Double-Bit Axe |
| 13:47 | Build | House |
| 13:49 | Build | House |
| 13:59 | Create | Villager (Male) |
| 14:01 | Create | Villager (Male) |
| 14:03 | Build | House |
| 14:09 | Create | Archer |
| 14:10 | Create | Archer |
| 14:23 | Build | Farm |
| 14:24 | Create | Villager (Male) |
| 14:27 | Create | Archer |
| 14:41 | Build | Palisade Wall |
| 14:50 | Create | Villager (Male) |
| 14:59 | Build | House |
| 15:00 | Create | Villager (Male) |
| 15:03 | Build | House |
| 15:25 | Create | Villager (Male) |
| 15:28 | Create | Archer |
| 15:29 | Create | Archer |
| 15:30 | Build | House |
| 15:47 | Create | Villager (Male) |
| 15:52 | Build | Palisade Wall |
| 15:56 | Build | Farm |
| 16:13 | Build | Stable |
| 16:44 | Create | Villager (Male) |
| 16:47 | Create | Villager (Male) |
| 17:02 | Build | Blacksmith |
| 17:11 | Create | Archer |
| 17:14 | Create | Scout Cavalry |
| 18:06 | Build | House |
| 18:21 | Build | Watch Tower |
| 18:23 | Create | Scout Cavalry |
| 18:25 | Create | Villager (Male) |
| 18:27 | Create | Archer |
| 19:16 | Build | Farm |
| 19:17 | Create | Villager (Male) |
| 19:27 | Create | Scout Cavalry |
| 19:28 | Create | Scout Cavalry |
| 19:31 | Create | Archer |
| 19:31 | Create | Archer |
| 19:33 | Create | Villager (Male) |
| 19:35 | Build | Farm |
| 19:36 | Create | Villager (Male) |
| 19:41 | Build | Farm |
| 19:42 | Build | Farm |
| 19:44 | Build | Farm |
| 19:47 | Create | Archer |
| 19:49 | Research | Fletching |
| 19:54 | Create | Villager (Male) |
| 20:00 | Build | House |
| 20:02 | Build | House |
| 20:05 | Build | Farm |
| 20:27 | Build | Mining Camp |
| 20:51 | Create | Villager (Male) |
| 20:57 | Create | Villager (Male) |
| 21:03 | Create | Villager (Male) |
| 21:07 | Build | Market |
| 21:16 | Create | Archer |
| 21:19 | Build | Farm |
| 21:57 | Create | Villager (Male) |
| 22:01 | Create | Archer |
| 22:03 | Create | Villager (Male) |
| 22:12 | Build | Farm |
| 22:23 | Create | Villager (Male) |
| 22:36 | Build | Farm |
| 22:42 | Build | Farm |
| 22:55 | Build | Farm |
| 23:13 | Build | House |
| 23:15 | Build | Palisade Wall |
| 23:16 | Build | Palisade Wall |
| 23:44 | Research | Castle Age |
| 23:57 | Create | Archer |
| 24:04 | Build | House |
| 24:23 | Build | Archery Range |
| 24:28 | Create | Archer |
| 24:34 | Research | Horse Collar |
| 25:21 | Create | Archer |
| 25:22 | Create | Archer |
Match timeline
| 3:39 | CORP_hector_sin_elo · first_building Barracks |
| 5:26 | Psi doc · wall_segment Palisade Wall x1 |
| 5:27 | Psi doc · wall_segment Palisade Wall x1 |
| 5:27 | Psi doc · wall_segment Palisade Wall x1 |
| 6:20 | Psi doc · wall_segment Palisade Wall x1 |
| 7:44 | Psi doc · wall_segment Palisade Wall x1 |
| 7:49 | Psi doc · wall_segment Palisade Wall x1 |
| 7:51 | Psi doc · wall_segment Palisade Wall x1 |
| 7:59 | Psi doc · wall_segment Palisade Wall x1 |
| 9:17 | Psi doc · wall_segment Palisade Wall x1 |
| 9:41 | CORP_hector_sin_elo · wall_segment Palisade Wall x1 |
| 9:42 | CORP_hector_sin_elo · wall_segment Palisade Wall x1 |
| 9:43 | CORP_hector_sin_elo · wall_segment Palisade Wall x3 |
| 9:44 | CORP_hector_sin_elo · wall_segment Palisade Wall x1 |
| 9:44 | CORP_hector_sin_elo · wall_segment Palisade Wall x1 |
| 9:55 | Psi doc · wall_segment Palisade Wall x4 |
| 10:21 | Psi doc · wall_segment Palisade Wall x1 |
| 11:13 | Psi doc · wall_segment Palisade Wall x1 |
| 11:56 | Psi doc · wall_segment Palisade Wall x1 |
| 12:36 | Psi doc · first_building Barracks |
| 12:43 | CORP_hector_sin_elo · wall_segment Palisade Wall x2 |
| 12:45 | CORP_hector_sin_elo · wall_segment Palisade Wall x1 |
| 12:52 | Psi doc · wall_segment Palisade Wall x1 |
| 12:53 | Psi doc · wall_segment Palisade Wall x1 |
| 12:54 | Psi doc · wall_segment Palisade Wall x1 |
| 12:55 | Psi doc · wall_segment Palisade Wall x1 |
| 13:18 | Psi doc · wall_segment Palisade Wall x1 |
| 13:18 | Psi doc · wall_segment Palisade Wall x1 |
| 13:19 | Psi doc · wall_segment Palisade Wall x1 |
| 13:21 | Psi doc · age_up feudal |
| 13:23 | CORP_hector_sin_elo · age_up feudal |
| 13:24 | Psi doc · wall_segment Palisade Wall x1 |
| 13:27 | Psi doc · first_building Archery Range |
| 13:38 | CORP_hector_sin_elo · first_building Archery Range |
| 14:41 | Psi doc · wall_segment Palisade Wall x1 |
| 15:52 | Psi doc · wall_segment Palisade Wall x3 |
| 16:02 | CORP_hector_sin_elo · wall_segment Palisade Wall x1 |
| 16:13 | Psi doc · first_building Stable |
| 19:33 | CORP_hector_sin_elo · wall_segment Palisade Wall x1 |
| 19:35 | CORP_hector_sin_elo · wall_segment Palisade Wall x15 |
| 19:42 | CORP_hector_sin_elo · wall_segment Palisade Wall x3 |
| 22:03 | CORP_hector_sin_elo · first_building Stable |
| 22:16 | Psi doc · first_market_buy 100 food |
| 22:17 | CORP_hector_sin_elo · wall_segment Palisade Wall x16 |
| 22:18 | Psi doc · first_market_sell 100 wood |
| 22:54 | CORP_hector_sin_elo · wall_segment Palisade Wall x1 |
| 22:55 | CORP_hector_sin_elo · wall_segment Palisade Wall x1 |
| 22:58 | CORP_hector_sin_elo · wall_segment Palisade Wall x1 |
| 23:00 | CORP_hector_sin_elo · wall_segment Palisade Wall x1 |
| 23:15 | Psi doc · wall_segment Palisade Wall x1 |
| 23:16 | Psi doc · wall_segment Palisade Wall x1 |
| 24:32 | CORP_hector_sin_elo · wall_segment Palisade Wall x1 |
| 24:34 | CORP_hector_sin_elo · wall_segment Palisade Wall x1 |
| 24:35 | CORP_hector_sin_elo · age_up castle |
| 24:46 | CORP_hector_sin_elo · first_building Castle |
| 26:24 | Psi doc · age_up castle |
| 28:35 | Psi doc · first_building Castle |
| 29:44 | Psi doc · first_building Monastery |
| 31:37 | CORP_hector_sin_elo · first_building Siege Workshop |
| 32:01 | Psi doc · first_building Siege Workshop |
| 36:03 | CORP_hector_sin_elo · first_building Monastery |
| 40:16 | CORP_hector_sin_elo · age_up imperial |
| 41:35 | Psi doc · age_up imperial |
| 45:40 | Psi doc · resign |
[ AI ANALYSIS · 1 CREDIT ]
What really happened in this match?
Wolo.gg analyzes every decision: build order, eco, micro, common mistakes by bracket. Personalized analysis on WhatsApp or Discord in 30 seconds.
Civ guide
Hindustanis
Perfil
Jugador #459775